3L
HOUSTON 1837 BBC @ GREENVILLE 84S
09/13/2032
 
TOP OF THE 1ST
Houston 1837 BBC batting - Pitching for Greenville 84s : LHP Coy Broderick
Pitching: LHP Coy Broderick
Batting: LHB Randy Sallah 0-0: Called Strike
0-1: Called Strike
0-2: Foul Ball, location: 2F
0-2: Strikes out looking
Batting: RHB Joey Trifone 0-0: Ball
1-0: Foul Ball, location: 2F
1-1: Ball
2-1: Ball
3-1: Base on Balls
Batting: RHB Phil Sherman 0-0: Ball
1-0: Ball
2-0: Ball
3-0: Base on Balls
Joey Trifone to second
Batting: RHB Bob Dickerson 0-0: Ball
1-0: Foul Ball, location: 2F
1-1: Ball
2-1: Foul Ball, location: 2F
2-2: Foul Ball, location: 2F
2-2: Ball
3-2: Base on Balls
Joey Trifone to third
Phil Sherman to second
Batting: RHB Lionel McCloud 0-0: Called Strike
0-1: Ground out 5-3 (Groundball, 5S)
Joey Trifone scores
Phil Sherman to third
Bob Dickerson to second
Batting: LHB Damian Delaney 0-0: Ball
1-0: Called Strike
1-1: Ball
2-1: Fly out, F9 (Line Drive, 9)
Top of the 1st over - 1 run, 0 hits, 0 errors, 2 left on base; Houston 1 - Greenville 0
BOTTOM OF THE 1ST
Greenville 84s batting - Pitching for Houston 1837 BBC : RHP Martín Valverde
Pitching: RHP Martín Valverde
Batting: RHB Jesús Amador 0-0: Called Strike
0-1: Ball
1-1: Swinging Strike
1-2: Ground out 6-3 (Groundball, 6)
Batting: SHB Jorge Barrios 0-0: Swinging Strike
0-1: Foul Ball, location: 2F
0-2: Foul Ball, location: 2F
0-2: Strikes out swinging
Batting: SHB Wilbert Carter 0-0: Called Strike
0-1: Fly out, F5 (Line Drive, 5SF)
Bottom of the 1st over - 0 runs, 0 hits, 0 errors, 0 left on base; Houston 1 - Greenville 0
TOP OF THE 2ND
Houston 1837 BBC batting - Pitching for Greenville 84s : LHP Coy Broderick
Batting: RHB Komotay Koffie 0-0: Ball
1-0: Ball
2-0: Called Strike
2-1: Called Strike
2-2: Ground out 5-3 (Groundball, 56S)
Batting: RHB Xavier Pérez 0-0: Called Strike
0-1: Swinging Strike
0-2: Ball
1-2: Fly out, F6 (Popup, 6S)
Batting: SHB Nobuhisa Hatoyama 0-0: Ball
1-0: Ball
2-0: Called Strike
2-1: Called Strike
2-2: Strikes out swinging
Top of the 2nd over - 0 runs, 0 hits, 0 errors, 0 left on base; Houston 1 - Greenville 0
BOTTOM OF THE 2ND
Greenville 84s batting - Pitching for Houston 1837 BBC : RHP Martín Valverde
Batting: LHB Miguel Gazivoda 0-0: Ball
1-0: Ball
2-0: Ball
3-0: Called Strike
3-1: Ground out 6-3 (Groundball, 6M)
Batting: RHB Juan García 0-0: Ball
1-0: Called Strike
1-1: Called Strike
1-2: Strikes out looking
Batting: SHB Chris Williamson 0-0: Ball
1-0: Called Strike
1-1: Swinging Strike
1-2: Ball
2-2: DOUBLE (Groundball, 3L)
Batting: RHB Reece Cockin 0-0: SINGLE (Line Drive, 6MD)
Chris Williamson to third
Batting: LHB Craig Morgan 0-0: Ground out U3 (Groundball, 3)
Bottom of the 2nd over - 0 runs, 2 hits, 0 errors, 2 left on base; Houston 1 - Greenville 0
TOP OF THE 3RD
Houston 1837 BBC batting - Pitching for Greenville 84s : LHP Coy Broderick
Batting: LHB Randy Sallah 0-0: Swinging Strike
0-1: Ball
1-1: Ball
2-1: Foul Ball, location: 2F
2-2: Foul Ball, location: 2F
2-2: Foul Ball, location: 2F
2-2: Ground out 1-3 (Groundball, 13)
Batting: RHB Joey Trifone 0-0: Called Strike
0-1: Fly out, F8 (Flyball, 8RD)
Batting: RHB Phil Sherman 0-0: Called Strike
0-1: Swinging Strike
0-2: Foul Ball, location: 2F
0-2: Strikes out swinging
Top of the 3rd over - 0 runs, 0 hits, 0 errors, 0 left on base; Houston 1 - Greenville 0
BOTTOM OF THE 3RD
Greenville 84s batting - Pitching for Houston 1837 BBC : RHP Martín Valverde
Batting: RHB Edgar Baeza 0-0: SINGLE (Line Drive, 78M)
Batting: RHB Jesús Amador 0-0: Ball
1-0: Grounds into double play, 4-6-3 (Groundball, 4)
Batting: SHB Jorge Barrios 0-0: Called Strike
0-1: Ground out U3 (Groundball, 3L)
Bottom of the 3rd over - 0 runs, 1 hit, 0 errors, 0 left on base; Houston 1 - Greenville 0
TOP OF THE 4TH
Houston 1837 BBC batting - Pitching for Greenville 84s : LHP Coy Broderick
Batting: RHB Bob Dickerson 0-0: Foul Ball, location: 2F
0-1: Ball
1-1: Foul Ball, location: 2F
1-2: Strikes out swinging
Batting: RHB Lionel McCloud 0-0: Ball
1-0: Ball
2-0: DOUBLE (Flyball, 78XD)
Batting: LHB Damian Delaney 0-0: Foul Ball, location: 2F
0-1: Swinging Strike
0-2: Foul Ball, location: 2F
0-2: Ball
1-2: Ball
2-2: Strikes out looking
Batting: RHB Komotay Koffie 0-0: SINGLE (Groundball, 6MD)
Lionel McCloud to third
Runner from 3rd tries for Home, SAFE, throw made home
Batting: RHB Xavier Pérez 0-0: Called Strike
0-1: Fly out, F7 (Line Drive, 78M)
Top of the 4th over - 1 run, 2 hits, 0 errors, 1 left on base; Houston 2 - Greenville 0
BOTTOM OF THE 4TH
Greenville 84s batting - Pitching for Houston 1837 BBC : RHP Martín Valverde
Batting: SHB Wilbert Carter 0-0: Ball
1-0: Ball
2-0: Ball
3-0: Called Strike
3-1: Foul Ball, location: 2F
3-2: Base on Balls
Batting: LHB Miguel Gazivoda 0-0: Foul Ball, location: 2F
0-1: Ball
1-1: Ball
2-1: Fly out, F3 (Popup, 23F)
Pitching: LHP Roy Alsobrook
Batting: RHB Juan García 0-0: Called Strike
0-1: Foul Ball, location: 2F
0-2: Foul Ball, location: 2F
0-2: Ball
1-2: Strikes out looking
Batting: SHB Chris Williamson 0-0: Called Strike
0-1: Ball
1-1: Swinging Strike
1-2: Foul Ball, location: 2F
1-2: Ball
2-2: Ball
3-2: Base on Balls
Wilbert Carter to second
Batting: RHB Reece Cockin 0-0: Ball
1-0: Foul Ball, location: 2F
1-1: Called Strike
1-2: Strikes out looking
Bottom of the 4th over - 0 runs, 0 hits, 0 errors, 2 left on base; Houston 2 - Greenville 0
TOP OF THE 5TH
Houston 1837 BBC batting - Pitching for Greenville 84s : LHP Coy Broderick
Batting: SHB Nobuhisa Hatoyama 0-0: Foul Ball, location: 2F
0-1: Called Strike
0-2: Ball
1-2: Strikes out swinging
Batting: LHB Randy Sallah 0-0: Ball
1-0: Foul Ball, location: 2F
1-1: SINGLE (Groundball, 4MD)
Batting: RHB Joey Trifone 0-0: Called Strike
0-1: Grounds into double play, 5-4-3 (Groundball, 56)
Top of the 5th over - 0 runs, 1 hit, 0 errors, 0 left on base; Houston 2 - Greenville 0
BOTTOM OF THE 5TH
Greenville 84s batting - Pitching for Houston 1837 BBC : LHP Roy Alsobrook
Batting: LHB Craig Morgan 0-0: Ball
1-0: Ball
2-0: DOUBLE (Line Drive, 7LS)
Batting: RHB Edgar Baeza 0-0: Ball
1-0: Swinging Strike
1-1: Ball
2-1: Ball
3-1: Base on Balls
Batting: RHB Jesús Amador 0-0: Bunt missed!
0-1: Sac Bunt - play at first, batter OUT! 1-4
Craig Morgan to third
Edgar Baeza to second
Batting: SHB Jorge Barrios 0-0: Ball
1-0: Ball
2-0: Ball
3-0: Base on Balls
Batting: SHB Wilbert Carter 0-0: Ball
1-0: Ball
2-0: Called Strike
2-1: Ball
3-1: Swinging Strike
3-2: Strikes out swinging
Batting: LHB Miguel Gazivoda 0-0: Ball
1-0: Called Strike
1-1: Called Strike
1-2: Foul Ball, location: 2F
1-2: Strikes out looking
Bottom of the 5th over - 0 runs, 1 hit, 0 errors, 3 left on base; Houston 2 - Greenville 0
TOP OF THE 6TH
Houston 1837 BBC batting - Pitching for Greenville 84s : LHP Coy Broderick
Batting: RHB Phil Sherman 0-0: SINGLE (Line Drive, 7S)
Batting: RHB Bob Dickerson 0-0: Swinging Strike
0-1: Foul Ball, location: 2F
0-2: Strikes out swinging
Batting: RHB Lionel McCloud 0-0: Ball
1-0: Ball
2-0: Foul Ball, location: 2F
2-1: Foul Ball, location: 2F
2-2: Foul Ball, location: 2F
2-2: Foul Ball, location: 2F
2-2: Foul Ball, location: 2F
2-2: Grounds into double play, 5-4-3 (Groundball, 56)
Top of the 6th over - 0 runs, 1 hit, 0 errors, 0 left on base; Houston 2 - Greenville 0
BOTTOM OF THE 6TH
Greenville 84s batting - Pitching for Houston 1837 BBC : LHP Roy Alsobrook
Batting: RHB Juan García 0-0: Ball
1-0: Called Strike
1-1: Ball
2-1: Ball
3-1: Base on Balls
Batting: SHB Chris Williamson 0-0: Ball
1-0: Swinging Strike
1-1: 2-RUN HOME RUN (Flyball, 78XD), Distance : 426 ft
Pitching: RHP Georg von Trapp
Batting: RHB Reece Cockin 0-0: Fly out, F9 (Flyball, 9S)
Pitching: LHP Javier Desdin
Batting: LHB Craig Morgan 0-0: Ball
1-0: Ball
2-0: Called Strike
2-1: Ground out 4-3 (Groundball, 4)
Now at 2B: Carlos Medellín
Batting: RHB Edgar Baeza 0-0: Ball
1-0: Ball
2-0: Ball
3-0: Fly out, F9 (Flyball, 9)
Bottom of the 6th over - 2 runs, 1 hit, 0 errors, 0 left on base; Houston 2 - Greenville 2
TOP OF THE 7TH
Houston 1837 BBC batting - Pitching for Greenville 84s : LHP Coy Broderick
Pitching: RHP António Marés
Batting: LHB Damian Delaney 0-0: Ball
1-0: Ball
2-0: Ball
3-0: Base on Balls
Batting: RHB Komotay Koffie 0-0: Ball
1-0: Sac Bunt - play at first, batter OUT! U3
Damian Delaney to second
Batting: RHB Xavier Pérez 0-0: 2-RUN HOME RUN (Flyball, 7LD), Distance : 370 ft
Batting: SHB Nobuhisa Hatoyama 0-0: Called Strike
0-1: Ball
1-1: Swinging Strike
1-2: Foul Ball, location: 2F
1-2: Strikes out swinging
Batting: LHB Randy Sallah 0-0: Ball
1-0: Swinging Strike
1-1: Swinging Strike
1-2: Strikes out swinging
Top of the 7th over - 2 runs, 1 hit, 0 errors, 0 left on base; Houston 4 - Greenville 2
BOTTOM OF THE 7TH
Greenville 84s batting - Pitching for Houston 1837 BBC : LHP Javier Desdin
Batting: RHB Jesús Amador 0-0: Called Strike
0-1: Ball
1-1: Foul Ball, location: 2F
1-2: Strikes out swinging
Batting: SHB Jorge Barrios 0-0: Called Strike
0-1: SOLO HOME RUN (Flyball, 78XD), Distance : 411 ft
Batting: SHB Wilbert Carter 0-0: Ball
1-0: Foul Ball, location: 2F
1-1: Called Strike
1-2: Ball
2-2: Strikes out looking
Batting: LHB Miguel Gazivoda 0-0: Ball
1-0: Fly out, F8 (Flyball, 89D)
Bottom of the 7th over - 1 run, 1 hit, 0 errors, 0 left on base; Houston 4 - Greenville 3
TOP OF THE 8TH
Houston 1837 BBC batting - Pitching for Greenville 84s : RHP António Marés
Batting: LHB Carlos Medellín 0-0: Ball
1-0: Ball
2-0: Ball
3-0: Foul Ball, location: 2F
3-1: Called Strike
3-2: Base on Balls
Batting: RHB Phil Sherman 0-0: Ball
1-0: Swinging Strike
1-1: Foul Ball, location: 2F
1-2: Strikes out swinging
Batting: RHB Bob Dickerson 0-0: Foul Ball, location: 2F
0-1: Fly out, F8 (Flyball, 89D)
Runner from 1st tags up, SAFE at 2nd
Batting: RHB Lionel McCloud 0-0: Ball
1-0: Swinging Strike
1-1: Called Strike
1-2: Strikes out swinging
Top of the 8th over - 0 runs, 0 hits, 0 errors, 1 left on base; Houston 4 - Greenville 3
BOTTOM OF THE 8TH
Greenville 84s batting - Pitching for Houston 1837 BBC : LHP Javier Desdin
Batting: RHB Juan García 0-0: Called Strike
0-1: Ball
1-1: Ball
2-1: Swinging Strike
2-2: Ground out 5-3 (Groundball, 56)
Batting: SHB Chris Williamson 0-0: Ball
1-0: Ball
2-0: Ball
3-0: Called Strike
3-1: Called Strike
3-2: SINGLE (Line Drive, 8LS)
Pitching: RHP José Ledezma
Pinch Hitting: RHB Thom Beach 0-0: Sac Bunt - play at first, batter OUT! 1-4
Chris Williamson to second
Batting: LHB Craig Morgan 0-0: Ball
1-0: Ground out 4-3 (Groundball, 4)
Bottom of the 8th over - 0 runs, 1 hit, 0 errors, 1 left on base; Houston 4 - Greenville 3
TOP OF THE 9TH
Houston 1837 BBC batting - Pitching for Greenville 84s : RHP António Marés
Now at 2B: Thom Beach
Batting: LHB Damian Delaney 0-0: Ball
1-0: Foul Ball, location: 2F
1-1: Foul Ball, location: 2F
1-2: SINGLE (Line Drive, 4MD)
Batting: RHB Komotay Koffie 0-0: Ball
1-0: Reached on error, E2 (Groundball, 2L)
Damian Delaney to third
Batting: RHB Xavier Pérez 0-0: Foul Ball, location: 2F
0-1: Ball
1-1: Ball
2-1: Fly out, F6 (Line Drive, 56)
Batting: SHB Nobuhisa Hatoyama 0-0: Called Strike
0-1: SINGLE (Flyball, 7LS)
Damian Delaney scores
Komotay Koffie to third
Runner from 3rd tries for Home, SAFE, no throw
Pitching: LHP Billy Grange
Batting: LHB Randy Sallah 0-0: Ball
1-0: Grounds into double play, 6-4-3 (Groundball, 6)
Top of the 9th over - 2 runs, 2 hits, 1 error, 0 left on base; Houston 6 - Greenville 3
BOTTOM OF THE 9TH
Greenville 84s batting - Pitching for Houston 1837 BBC : RHP José Ledezma
Pitching: RHP Pedro Valdéz
Batting: RHB Edgar Baeza 0-0: Called Strike
0-1: Foul Ball, location: 2F
0-2: Ball
1-2: Strikes out swinging
Batting: RHB Jesús Amador 0-0: Ball
1-0: Ball
2-0: Foul Ball, location: 2F
2-1: Ball
3-1: Base on Balls
Batting: SHB Jorge Barrios 0-0: Ball
1-0: Foul Ball, location: 2F
1-1: Ball
2-1: Ball
3-1: Base on Balls
Jesús Amador to second
Batting: SHB Wilbert Carter 0-0: Grounds into double play, 4-6-3 (Groundball, 4)
Bottom of the 9th over - 0 runs, 0 hits, 0 errors, 1 left on base; Houston 6 - Greenville 3
Wednesday, September 19th, 2018 - OOTP Baseball 18.8 Build 76